 Dungeon Crawl Stone Soup version 0.19.5 (webtiles) character file.

26 tidbits the Skirmisher (level 2, 0/21 HPs)
             Began as a High Elf Wanderer on Aug 8, 2017.
             Slain by a gnoll
             ... wielding a +0 spear
              (4 damage)
             ... on level 2 of the Dungeon.
             The game lasted 00:03:13 (544 turns).

tidbits the Skirmisher (High Elf Wanderer)           Turns: 544, Time: 00:03:13

Health: 0/21       AC:  5    Str: 13    XL:     2   Next: 89%
Magic:  3/3        EV: 11    Int: 13    God:
Gold:   70         SH:  0    Dex: 14    Spells: 0 memorised, 1 level left

rFire  . . .     SeeInvis .     a - +2 mace
rCold  . . .     Gourm    .     B - +0 ring mail
rNeg   . . .     Faith    .     (no shield)
rPois  .         Spirit   .     (no helmet)
rElec  .         Reflect  .     (no cloak)
rCorr  .         Harm     .     (no gloves)
MR     .....                    (no boots)
Stlth  +.........               (no amulet)
                                (no ring)
                                (no ring)

@: no status effects
A: no striking features
a: no special abilities


You were on level 2 of the Dungeon.
You were not hungry.

You visited 1 branch of the dungeon, and saw 2 of its levels.

You collected 70 gold pieces.

Inventory:

Hand Weapons
 a - a +2 mace (weapon)
 h - a +0 long sword
   (You found it on level 2 of the Dungeon)
Missiles
 b - 21 arrows
 e - 16 stones (quivered)
 g - 4 needles of sleeping
Armour
 B - a +0 ring mail (worn)
Potions
 c - a potion of curing
Comestibles
 d - 2 bread rations
 f - a royal jelly


   Skills:
 - Level 3.0 Fighting
 + Level 0.2 Long Blades
 - Level 1.0 Maces & Flails
 - Level 2.6 Armour
 - Level 2.8 Dodging
 - Level 1.1 Stealth
   Level 1.0 Shields
   Level 1.0 Evocations


You had one spell level left.
You didn't know any spells.

Dungeon Overview and Level Annotations

Branches:
Dungeon (2/15)

Altars:
Kikubaaqudgha
Yredelemnul

Annotations:
D:2 Jessica, Terence


Message History

The hobgoblin shouts!
Found a faded altar of an unknown god and a basalt altar of Yredelemnul.
A rat comes into view.
You hit the hobgoblin.
You kill the hobgoblin!
Your Dodging skill increases to level 2!
You hit the rat.
You kill the rat!
You see here a rat corpse.
Found an ancient bone altar of Kikubaaqudgha.
Found a faded altar of an unknown god.
Found a faded altar of an unknown god.
Unknown command.
There is an open door here.
A goblin comes into view.
The goblin shouts!
Found a mace and 12 stones.
Terence the Incautious comes into view.
He is wielding a mace.
There is a stone staircase leading up here.
You hit the goblin.
You kill the goblin!
An adder comes into view.
The adder hisses angrily.
The adder closely misses you.
You miss the adder.
The adder bites you but does no damage. x2
You closely miss the adder. The adder bites you but does no damage.
The adder completely misses you.
You sock the adder!
The adder is almost dead.
The adder bites you but does no damage. The adder barely misses you.
You hit the adder.
You kill the adder!
Found 13 gold pieces.
A goblin comes into view. It is wielding a club.
The goblin shouts!
You see here 13 gold pieces.
You now have 56 gold pieces (gained 13).
You completely miss the goblin. The goblin hits you but does no damage.
You closely miss the goblin. The goblin misses you.
The goblin barely misses you.
You hit the goblin.
You kill the goblin!
Things that are here:
a club; a goblin corpse
Found 14 gold pieces.
Found a stone staircase leading up.
You now have 70 gold pieces (gained 14).
There is a stone staircase leading up here.
There is a stone staircase leading up here.
You climb upwards.
There is a stone staircase leading down here.
Found a bread ration.
A hobgoblin comes into view.
You see here a bread ration.
d - 2 bread rations (gained 1)
You hit the hobgoblin but do no damage.
The hobgoblin hits you but does no damage.
You barely miss the hobgoblin. The hobgoblin hits you.
You sock the hobgoblin!
You kill the hobgoblin!
You see here a hobgoblin corpse.
There is a stone staircase leading down here.
You climb downwards.
Level annotation: Jessica, Terence
There is a stone staircase leading up here.
HP restored.
Found a long sword.
You see here a long sword.
h - a long sword Unknown command.
A hobgoblin comes into view.
The hobgoblin shouts!
A gnoll comes into view. It is wielding a spear.
The gnoll shouts!
You hit the hobgoblin.
You kill the hobgoblin!
The gnoll throws a throwing net.
The throwing net hits you.
You become entangled in the net!
You tear a large gash into the net.
A gnoll comes into view. It is wielding a club.
Unknown command.
You shred the net and break free!
The gnoll shouts!
A gnoll comes into view. It is wielding a spear.
The gnoll shouts!
The gnoll hits you from afar with a spear.
A gnoll comes into view. It is wielding a halberd.
The gnoll hits you with a spear.
You barely miss the gnoll.
The gnoll shouts!
The gnoll hits you with a spear.
An adder comes into view.
You closely miss the gnoll. The gnoll hits you with a spear.
* * * LOW HITPOINT WARNING * * *
The gnoll barely misses you.
Unknown command.
The gnoll hits you from afar with a spear.
* * * LOW HITPOINT WARNING * * *
The gnoll hits you from afar with a spear.
You die...

#S# ##########.###
#g#
#####.........)###
#g#
#........#####....
#g# #.###.##.#
#.### #†# #.#
#.##.# #.# #.# #.#
.##.# #.#
#.######.###.##.#
#.#
#.gg.gg......##.#
#.#
########@######.#
#.. #.# #.# ###
#.######<#
#........#
##########


You could see 4 gnolls.

Vanquished Creatures
  An adder (D:2)
  2 bats (D:1)
  A giant cockroach (D:2)
  3 goblins
  4 hobgoblins
  A ball python (D:1)
  3 frilled lizards
  2 rats
  A toadstool (D:1)
18 creatures vanquished.

Vanquished Creatures (others)
  6 toadstools (D:1)
6 creatures vanquished.

Grand Total: 24 creatures vanquished

Notes
Turn   | Place    | Note
-------+----------+-------------------------------------------
     0 | D:1      | tidbits the High Elf Wanderer began the quest for the Orb.
     0 | D:1      | tidbits set off with: a +2 mace, a +0 ring mail, a potion of curing, a bread ration
     0 | D:1      | Reached XP level 1. HP: 16/16 MP: 2/2
   162 | D:1      | Reached skill level 1 in Dodging
   228 | D:2      | Noticed Jessica
   329 | D:1      | Reached XP level 2. HP: 18/21 MP: 3/3
   364 | D:2      | Found a faded altar of an unknown god.
   364 | D:2      | Found a basalt altar of Yredelemnul.
   368 | D:2      | Reached skill level 2 in Dodging
   372 | D:2      | Found an ancient bone altar of Kikubaaqudgha.
   374 | D:2      | Found a faded altar of an unknown god.
   375 | D:2      | Found a faded altar of an unknown god.
   397 | D:2      | Noticed Terence
   544 | D:2      | Slain by a gnoll

Skill      XL: |  1  2 |
---------------+-------+-----
Dodging        | 1 2 |  2.8
Fighting       | |  3.0
Long Blades    | |  0.2
Maces & Flails | |  1.0
Armour         | |  2.6
Stealth        | |  1.1
Shields        | |  1.0
Evocations     | |  1.0

Action                   || total
-------------------------++-------
Melee: Mace              ||    47
Armor: Ring mail         ||    23
Dodge: Dodged            ||    25

Table legend:
 A = Turns spent in this place as a percentage of turns spent in the entire game.
 B = Non-inter-level travel turns spent in this place as a percentage of non-inter-level travel turns spent in the entire game.
 C = Inter-level travel turns spent in this place as a percentage of turns spent in this place.
 D = Turns resting spent in this place as a percentage of non-inter-level travel turns spent in this place.
 E = Turns spent auto-exploring this place as a percentage of non-inter-level travel turns spent in this place.
 F = Non-inter-level travel turns spent in this place divided by the number of levels of this place that you've seen.
                   A       B       C       D       E      F
               +-------+-------+-------+-------+-------+----------------------
         Total | 100.0 | 100.0 |   0.0 |   0.0 |   0.0 | 228.5
       Dungeon | 100.0 | 100.0 |   0.0 |   0.0 |   0.0 | 228.5
               +-------+-------+-------+-------+-------+----------------------

Table legend:
 A = Kills in this place as a percentage of kills in entire the game.
 B = Kills by you in this place as a percentage of kills by you in the entire game.
 C = Kills by friends in this place as a percentage of kills by friends in the entire game.
 D = Other kills in this place as a percentage of other kills in the entire game.
 E = Experience gained in this place as a percentage of experience gained in the entire game.
 F = Experience gained in this place divided by the number of levels of this place that you have seen.
                   A       B       C       D       E      F
               +-------+-------+-------+-------+-------+----------------------
         Total | 100.0 | 100.0 |  -nan |  -nan | 100.0 |  19.0
       Dungeon | 100.0 | 100.0 |  -nan |  -nan | 100.0 |  19.0
               +-------+-------+-------+-------+-------+----------------------

Vault maps used:
D:1:      nagdon_arrival_double_spiral, minmay_misc_feat_square
D:2:      lemuel_doored_altar, chequers_temple_overflow_minitemple,
          uniq_jessica, uniq_terence, uniq_robin
